 Dungeon Crawl Stone Soup version 0.30-a0-859-gf88a04b62d (webtiles) character file.

Game seed: 11758357482755166273

1323 NotreDorf the Nimble (level 8, 0/50 HPs)
             Began as a Djinni Fire Elementalist on Mar 6, 2023.
             Was a Believer of Okawaru.
             Slain by a sleepcap (2 damage)
             ... on level 5 of the Dungeon.
             The game lasted 00:19:15 (3863 turns).

NotreDorf the Nimble (Djinni Fire Elementalist)     Turns: 3863, Time: 00:19:17

Health: 0/50       AC:  7    Str:  7    XL:     8   Next: 90%
Gold:   298        EV: 21    Int: 18    God:    Okawaru [**....] SH:  0 Dex: 15

rFire   + + .      SeeInvis .    y - +0 lajatang
rCold   x . .      Faith    .    (shield currently unavailable)
rNeg    . . .      Spirit   .    a - +0 robe
rPois   ∞          Reflect  .    v - +0 helmet
rElec   .          Rampage  .    (no cloak)
rCorr   .                        (no gloves)
Will    .....                    (boots unavailable)
Stlth   ++                       (no amulet)
HPRegen 0.28/turn                j - +4 ring of protection
MPRegen 0.00/turn                n - +5 ring of evasion

@: flying, very slightly contaminated
A: sickness immunity, fire resistance 2, cold vulnerability 1, float, innate
caster, HP casting, extra vitality 1
a: Renounce Religion, Heroism


You were on level 5 of the Dungeon.
You worshipped Okawaru.
Okawaru was pleased with you.
You visited 1 branch of the dungeon, and saw 6 of its levels.

You collected 298 gold pieces.

Inventory:

Hand Weapons
 f - a +3 whip
 y - a +0 lajatang (weapon)
Missiles
 h - 4 poisoned darts
 m - 2 boomerangs of dispersal
 u - a throwing net
Armour
 a - a +0 robe (worn)
 v - a +0 helmet (worn)
Jewellery
 j - a +4 ring of protection (left hand)
 k - a ring of protection from cold
 n - a +5 ring of evasion (right hand)
Wands
 z - a wand of acid (13)
 B - a wand of digging (5)
Scrolls
 b - 4 scrolls of teleportation {unknown}
 d - a scroll of amnesia {unknown}
 e - 3 scrolls of magic mapping {unknown}
 l - 5 scrolls of identify {unknown}
 r - a scroll of vulnerability {unknown}
 x - a scroll of brand weapon {unknown}
 A - a scroll of poison {unknown}
 D - a scroll of noise {unknown}
Potions
 c - 3 potions of curing {unknown}
 g - a potion of heal wounds {unknown}
 i - a potion of resistance {unknown}
 o - 2 potions of brilliance {unknown}
 p - a potion of mutation {unknown}
 q - 2 potions of haste {unknown}
 s - a potion of invisibility {unknown}
 t - a potion of flight {unknown}
 w - a potion of lignification {unknown}
 C - a potion of attraction {unknown}


   Skills:
 + Level 8.2 Dodging
 - Level 1.5 Stealth
 + Level 6.0 Spellcasting


You knew the following spells:

 Your Spells              Type           Power      Damage    Failure   Level
a - Foxfire               Conj/Fire      100%       2x1d9     1%          1
b - Scorch                Fire           54%        2d7       1%          2
c - Kindle Blastsparks    Fire/Tloc/Air  54%        2d14      3%          3
d - Inner Flame           Hex/Fire       27%        N/A       3%          3
e - Flame Wave            Conj/Fire      27%        2d9       10%         4
f - Beastly Appendage     Tmut           54%        N/A       1%          1
g - Poisonous Vapours     Pois/Air       54%        N/A       1%          2
h - Call Canine Familiar  Summ           27%        N/A       3%          3
Your spell library was empty.

Dungeon Overview and Level Annotations

Branches:
Dungeon (6/15)             Temple (0/1) D:5

Altars:
Nemelex Xobeh
Okawaru
Ru
Trog
Wu Jian

Shops:
D:5 *

Annotations:
D:5 2 transporters, bmack86's ghost, amateur MiFi


Innate Abilities, Weirdness & Mutations

You are immune to sickness and miasma.
You are immune to poison.
Your flesh is very heat resistant. (rF++)
You are vulnerable to cold. (rC-)
You float through the air rather than walking.
You learn spells naturally, not from books.
Your magical power is your life essence.
You have superior vitality. (+4 MHP)


Message History

You see here a +0 leather armour.
The orc completely misses you. The black bear bites you!
* * * LOW HITPOINT WARNING * * *
The black bear misses you. The black bear completely misses you.
Casting: Foxfire (safe; 1% risk of failure)
Confirm with . or Enter, or press ? or * to list all spells.
You conjure some foxfire!
* * * LOW HITPOINT WARNING * * *
The black bear completely misses you. The black bear claws you.
* * * LOW HITPOINT WARNING * * *
The black bear claws you.
* * * LOW HITPOINT WARNING * * *
The orc misses you.
The foxfire hits the black bear.
You kill the black bear!
Okawaru accepts your kill.
The foxfire hits the orc!
You kill the orc!
Okawaru accepts your kill.
The orc wizard gestures at you while chanting.
The puff of flame hits you but does no damage.
Your Spellcasting skill increases to level 6!
Things that are here:
a +0 hand axe; an orc corpse
Things that are here:
a +0 falchion; a +0 chain mail; an orc corpse The sleepcap attacks as you move away!
The sleepcap barely misses you.
There is a stone staircase leading up here.
The sleepcap completely misses you.
You fly upwards.
Level annotation: 2 transporters, bmack86's ghost, amateur MiFi
There is a stone staircase leading down here.
Casting: Foxfire (safe; 1% risk of failure)
Confirm with . or Enter, or press ? or * to list all spells.
You miscast Scorch.
You are very lightly contaminated with residual magic.
Nothing appears to happen.
* * * LOW HITPOINT WARNING * * *
The sleepcap releases spores at you.
You die...

#####.### ##.....## #.###).#
#.# ##...## #.###..# ####.#
##'## #......# #....# #.#
#####.## #.#### #.# #.# #.#
##.##### #.# #.#
###......######.# #.#
#........#...##.# ##.##
#@f.....#.#..##.#
#...########......#...#.##.#
#...[....(....#..#..∩..#...#
#...###########...#...#.####
##### #....#.#..#
#.....#...# #.#########
####### ###)####### #.....#
##.........#


You could see a sleepcap.

Vanquished Creatures
  A water moccasin (D:5)
  An orc warrior (D:6)
  3 black bears
  An ogre (D:5)
  2 centaurs
  Blork the orc (D:5)
  4 scorpions (D:5)
  A howler monkey (D:4)
  Ijyb (D:5)
  9 adders
  4 gnolls (D:3)
  A shadow imp (D:5)
  2 worms
  5 dart slugs
  13 orcs
  10 endoplasms
  6 giant cockroaches
  6 goblins
  4 hobgoblins
  5 jackals
  3 quokkas
  5 ball pythons
  8 bats
  4 frilled lizards
  4 kobolds
  4 rats
108 creatures vanquished.

Vanquished Creatures (collateral kills)
  A foxfire (D:5)
1 creature vanquished.

Vanquished Creatures (others)
  288 foxfires
  24 fungi (D:5)
  4 plants (D:5)
316 creatures vanquished.

Grand Total: 425 creatures vanquished

Notes
Turn   | Place    | Note
-------+----------+-------------------------------------------
     0 | D:1      | NotreDorf the Djinni Fire Elementalist began the quest for
                  | the Orb.
     0 | D:1      | NotreDorf set off with the following spells memorised:
                  | Foxfire, Scorch, Kindle Blastsparks, Inner Flame, Flame
                  | Wave.
     0 | D:1      | Reached XP level 1. HP: 15/15 MP: 0/0
   168 | D:1      | Reached XP level 2. HP: 21/21 MP: 0/0
   585 | D:1      | Reached skill level 3 in Dodging
   585 | D:1      | Reached XP level 3. HP: 25/25 MP: 0/0
   585 | D:1      | Learned a level 1 spell: Beastly Appendage
  1145 | D:2      | Reached XP level 4. HP: 29/31 MP: 0/0
  1156 | D:2      | Found a faded altar of an unknown god.
  1357 | D:2      | Found a sparkling altar of Nemelex Xobeh.
  1568 | D:3      | Noticed a black bear
  1609 | D:3      | Reached skill level 4 in Dodging
  1609 | D:3      | Reached XP level 5. HP: 34/35 MP: 0/0
  1609 | D:3      | Learned a level 2 spell: Poisonous Vapours
  1669 | D:3      | Killed a black bear
  1670 | D:3      | Reached XP level 6. HP: 33/40 MP: 0/0
  1676 | D:3      | Found an iron altar of Okawaru.
  1714 | D:3      | Found a bloodstained altar of Trog.
  1742 | D:3      | Became a worshipper of Warmaster Okawaru
  1897 | D:3      | Reached skill level 5 in Dodging
  2672 | D:5      | Entered Level 5 of the Dungeon
  2716 | D:5      | Noticed a water moccasin
  2717 | D:5      | Found a transporter.
  2721 | D:5      | Killed a water moccasin
  2722 | D:5      | Reached XP level 7. HP: 38/45 MP: 0/0
  2722 | D:5      | Learned a level 3 spell: Call Canine Familiar
  2772 | D:5      | Reached skill level 6 in Dodging
  2822 | D:5      | Found a staircase to the Ecumenical Temple.
  2881 | D:5      | Reached * piety under Okawaru
  3011 | D:5      | Reached skill level 5 in Spellcasting
  3026 | D:5      | Found a sacrificial altar of Ru.
  3055 | D:5      | Reached XP level 8. HP: 49/50 MP: 0/0
  3190 | D:5      | Found a transporter.
  3227 | D:5      | Reached skill level 7 in Dodging
  3249 | D:5      | Found Minlaph's Assorted Antiques.
  3308 | D:5      | Noticed Blork the orc
  3315 | D:5      | Killed Blork the orc
  3315 | D:5      | Reached ** piety under Okawaru
  3486 | D:5      | Noticed Ijyb
  3493 | D:5      | Killed Ijyb
  3584 | D:5      | Noticed bmack86's ghost (amateur MiFi)
  3655 | D:5      | Found an ornate altar of the Wu Jian Council.
  3832 | D:6      | Reached skill level 8 in Dodging
  3855 | D:6      | HP: 1/50 [black bear (2)]
  3863 | D:5      | Slain by a sleepcap

Illustrated notes

Levels and vault maps discovered:
D:1:      onia_arrival_mini_spirals, layout_loops_cross
D:2:      layout_rooms, basic_altar, shapermc_ecumenical_altar_flowoftime,
          minmay_fractal_squares_gapless_5
D:3:      layout_basic, mainiacjoe_overflow_tiny_flanked,
          mainiacjoe_overflow_brackets, lemuel_crystal_altar,
          nicolae_elevator_lobby_plus
D:4:      layout_rooms
D:5:      layout_loops_corners, mainiacjoe_overflow_cross_hatched,
          lemuel_doored_altar, kennysheep_mini_moat,
          minmay_temple_entry_gardened_gates, serial_shops,
          nicolae_diamond_shop, gammafunk_ghost_mausoleum, uniq_ijyb,
          uniq_blork_the_orc
D:6:      layout_rooms, zin_scriptorium

Skill      XL: |  1  2  3  4  5  6  7  8 |
---------------+-------------------------+-----
Dodging        | 3 4 5 6 8 |  8.2
Spellcasting   | 3 4 5 6 |  6.0
Stealth        | |  1.5

Action                     |  1- 3 |  4- 6 |  7- 9 || total
---------------------------+-------+-------+-------++-------
  Melee: Mace              |     5 |       |       ||     5
         Whip              |    16 |    22 |       ||    38
         Lajatang          |       |       |    11 ||    11
   Cast: Foxfire           |    48 |    72 |    48 ||   168
         Scorch            |       |    10 |    15 ||    25
   Stab: Sleeping          |       |       |     1 ||     1
 Armour: Robe              |     5 |     5 |    13 ||    23
  Dodge: Dodged            |    23 |    39 |    77 ||   139

Table legend: (Time is in decaauts)
 A = Elapsed time spent in this place.
 B = Non-inter-level travel time spent in this place.
 C = Inter-level travel time spent in this place.
 D = Time resting spent in this place.
 E = Time spent auto-exploring this place.
 F = Levels seen in this place.
 G = Mean time per level.
                   A        B        C        D        E       F      G
               +--------+--------+--------+--------+--------+-----+--------+
         Total |   3869 |   3704 |    165 |     39 |   2666 |   6 |  644.8 |
       Dungeon |   3869 |   3704 |    165 |     39 |   2666 |   6 |  644.8 |
               +--------+--------+--------+--------+--------+-----+--------+

Top non-repeatable levels by time:
     D:5: 1090 daAuts
     D:1: 832 daAuts
     D:3: 774 daAuts
     D:2: 660 daAuts
     D:4: 405 daAuts
     D:6: 105 daAuts
